 Dungeon Crawl Stone Soup version 0.31.0-9-g3a7656b989 (webtiles) character file.

Game seed: 5783608233827462446

67 qw the Shooter (level 3, -6/20 HPs)
             Began as a Deep Elf Hunter on Feb 2, 2024.
             Mangled by Blork the orc
             ... wielding a +0 flail
              (10 damage)
             ... on level 4 of the Dungeon.
             The game lasted 00:00:08 (2393 turns).

qw the Shooter (Deep Elf Hunter)                    Turns: 2393, Time: 00:00:09

Health: -6/20      AC:  5    Str: 10    XL:     3   Next: 98%
Magic:  5/5        EV: 12    Int: 13    God:
Gold:   136        SH:  0    Dex: 18    Spells: 2/2 levels left

rFire   . . .        a - +0 shortbow
rCold   . . .        (shield currently unavailable)
rNeg    . . .        c - +0 leather armour
rPois   .            (no helmet)
rElec   .            (no cloak)
rCorr   .            (no gloves)
SInv    .            b - +1 pair of boots
Will    .....        (no amulet)
Stlth   ++           (no ring)
HPRegen 0.23/turn    (no ring)
MPRegen 0.09/turn

%: no passive effects
@: no status effects
A: no striking features
a: no special abilities


You were on level 4 of the Dungeon.
You visited 1 branch of the dungeon, and saw 4 of its levels.

You collected 230 gold pieces.
You spent 94 gold pieces at shops.


   Skills:
 - Level 1.5 Fighting
 + Level 7.4 Ranged Weapons
 - Level 2.4 Dodging
 - Level 1.2 Stealth


You had 2 spell levels left.
You didn't know any spells.
Your spell library was empty.

Inventory:

Hand Weapons
 a - a +0 shortbow (weapon)
Armour
 b - a +1 pair of boots (worn)
 c - a +0 leather armour (worn)
Potions
 e - 4 potions of curing
 i - a potion of brilliance {unknown}

Dungeon Overview and Level Annotations

Branches:
Dungeon (4/15)
 Temple: D:4-7

Altars:

Shops:
D:2 :([   D:3 (

Annotations:
D:2 1 runed translucent door, Crazy Yiuf
D:4 Blork the orc


Message History

You shoot an arrow.
The arrow hits Blork the orc but does no damage.
Blork the orc is moderately wounded.
Blork the orc gestures wildly while chanting.
Blork the orc seems to speed up.
You shoot an arrow. The arrow closely misses Blork the orc.
You shoot an arrow. The arrow hits Blork the orc.
Blork the orc is moderately wounded.
Blork the orc casts a spell at you. The puff of flame hits you!
2358 ||| STAIRDANCE Blork the orc barely misses you.
You climb upwards.
There is a stone staircase leading down here.
You start resting.
HP restored.
You climb downwards.
You hear the sound of rushing water.
There is an entrance to a sewer on this level.
Hurry and find it before the portal rusts away!
Level annotation: Blork the orc
There is a stone staircase leading up here.
You shoot an arrow.
The arrow hits Blork the orc but does no damage.
Blork the orc is moderately wounded.
You shoot an arrow. The arrow barely misses Blork the orc.
You shoot an arrow. The arrow hits Blork the orc!
Blork the orc is heavily wounded.
You shoot an arrow. The arrow hits Blork the orc.
Blork the orc is severely wounded.
You shoot an arrow. The arrow hits Blork the orc.
Blork the orc is severely wounded.
Blork the orc hits you with a +0 flail! Blork the orc barely misses you.
You shoot an arrow. The arrow barely misses Blork the orc.
Blork the orc casts a spell at you. The puff of frost hits you!
You shoot an arrow. The arrow hits Blork the orc.
Blork the orc is almost dead.
Blork the orc hits you with a +0 flail!
Ouch! That really hurt!
You die...

# ##### #.
...... ..
...... ##.###
#...... +.....
.......
#....#o......
#@.......
...............
########..#####
..# #.# .# ..
...


You could see Blork the orc.

Vanquished Creatures
  A ribbon worm (D:2)
  A dart slug (D:1)
  3 orcs (D:3)
  10 ball pythons
  5 endoplasms
  2 giant cockroaches
  8 goblins
  2 hobgoblins
  2 jackals (D:1)
  3 kobolds
  2 quokkas (D:1)
  3 bats
  4 frilled lizards
  10 rats
56 creatures vanquished.

Notes
Turn   | Place    | Note
-------+----------+-------------------------------------------
     0 | D:1      | qw the Deep Elf Hunter began the quest for the Orb.
     0 | D:1      | Reached XP level 1. HP: 12/12 MP: 3/3
     0 | D:1      | 0 ||| qw: Version: 0.3-a-155-g5e7d8dd
     0 | D:1      | 0 ||| qw: Game counter: 1235
     0 | D:1      | 0 ||| qw: Melee chars always use a shield: true
     0 | D:1      | 0 ||| qw: God list: Okawaru
     0 | D:1      | 0 ||| qw: Allow faded altars: false
     0 | D:1      | 0 ||| qw: Do Orc after clearing Dungeon:15 true
     0 | D:1      | 0 ||| qw: Do second Lair branch before Depths: true
     0 | D:1      | 0 ||| qw: Lair rune preference: random
     0 | D:1      | 0 ||| qw: Goals: Normal
     0 | D:1      | 0 ||| PLANNING D:1-11
   145 | D:1      | Reached skill level 6 in Ranged Weapons
   145 | D:1      | Reached XP level 2. HP: 16/16 MP: 4/4
   614 | D:1      | Reached XP level 3. HP: 20/20 MP: 5/5
   776 | D:1      | 776 ||| READING scroll labelled SAQIEW ZECK.
   777 | D:1      | 777 ||| READING scroll labelled HASTRU SOTU.
   878 | D:1      | 878 ||| READING scroll labelled ROANIC ODDOAR.
   879 | D:1      | 879 ||| READING scroll labelled LOKEEL TIJEURI.
   880 | D:1      | 880 ||| DROPPING scroll of butterflies.
  1007 | D:2      | Found Hat Iry's Antique Armour Emporium.
  1013 | D:2      | 1013 ||| SHOPLISTING glowing scarf (168 gold, have 104).
  1013 | D:2      | 1013 ||| BUYING pair of boots (94 gold).
  1013 | D:2      | Bought a pair of boots for 94 gold pieces
  1013 | D:2      | 1013 ||| SHOPLISTING ring mail (84 gold, have 10).
  1045 | D:2      | Found Muryhef's Armour Boutique.
  1239 | D:2      | Found Viuthrapt's Antique Weapon Emporium.
  1257 | D:2      | 1257 ||| SHOPLISTING glowing hand cannon (117 gold, have
                  | 34).
  1376 | D:2      | Found Qumecon's Book Shop.
  1422 | D:2      | You fall into a shaft and drop 1 floor!
  1518 | D:3      | Reached skill level 7 in Ranged Weapons
  1522 | D:3      | Found Engoc's Weapon Emporium.
  1543 | D:3      | 1543 ||| UPGRADING to +0 pair of boots.
  1548 | D:3      | 1548 ||| READING 2 scrolls of identify.
  1548 | D:3      | 1548 ||| IDENTIFYING smoky yellow potion
  1549 | D:3      | 1549 ||| READING scroll of identify.
  1549 | D:3      | 1549 ||| IDENTIFYING 3 fizzy inky potions
  1550 | D:3      | 1550 ||| READING scroll labelled HUVVIEK RUAR.
  1551 | D:3      | 1551 ||| DROPPING potion of berserk rage.
  1763 | D:2      | Found a runed translucent door.
  1764 | D:2      | Noticed Crazy Yiuf
  2087 | D:3      | Found a faded altar of an unknown god.
  2295 | D:3      | 2295 ||| READING scroll of identify.
  2295 | D:3      | 2295 ||| IDENTIFYING brown potion
  2296 | D:3      | 2296 ||| READING 2 scrolls labelled QUNTILASKE.
  2297 | D:3      | 2297 ||| READING scroll labelled LEDAKL FIZUHE.
  2297 | D:3      | 2297 ||| ENCHANTING +0 pair of boots.
  2298 | D:3      | 2298 ||| DROPPING scroll of blinking.
  2299 | D:3      | 2299 ||| DROPPING potion of degeneration.
  2353 | D:4      | Noticed Blork the orc
  2354 | D:4      | 2354 ||| PLANNING SEWER
  2358 | D:4      | 2358 ||| STAIRDANCE
  2392 | D:4      | HP: 4/20 [Blork the orc/puff of frost (7)]
  2393 | D:4      | Mangled by Blork the orc

Levels and vault maps discovered:
D:1:      minmay_arrival_shattered_statue, layout_loops_corners
D:2:      layout_basic, serial_shops, shop, nicolae_diamond_shop,
          nicolae_shop_dealshenge, shop, uniq_crazy_yiuf_cottage
D:3:      layout_basic, serial_shops, shop, basic_ecumenical_altar
D:4:      minmay_opposing_rooms, layout_basic, portal_sewer_entry_d,
          roderic_roman_lattice, nicolae_figureground_sparkle,
          uniq_blork_the_orc, uniq_edmund

Skill      XL: |  1  2  3 |
---------------+----------+-----
Ranged Weapons | 6 7 |  7.4
Fighting       | |  1.5
Dodging        | |  2.4
Stealth        | |  1.2

Action                     || total
---------------------------++-------
   Fire: Shortbow          ||   134
    Use: Scroll            ||    10
 Armour: Leather armour    ||    14
  Dodge: Dodged            ||    27

Table legend:
 A = Non-vault XP
 B = Vault XP
 C = Vault XP percentage of total XP
 D = Non-vault monster count
 E = Vault monster count
 F = Vault count percentage of total count
                 A         B        C        D         E       F
            +---------+---------+-------+---------+---------+-------
      Total |      96 |       0 |   0.0 |      56 |       0 |   0.0
            +---------+---------+-------+---------+---------+-------
        D:1 |      41 |       0 |   0.0 |      23 |       0 |   0.0
        D:2 |      26 |       0 |   0.0 |      17 |       0 |   0.0
        D:3 |      29 |       0 |   0.0 |      16 |       0 |   0.0
            +---------+---------+-------+---------+---------+-------
